 Dungeon Crawl Stone Soup version 0.27.1-16-g815e20cd7a (webtiles) character file.

Game seed: 2972270608780921901

3007 pkoi the Martial Artist (level 9, 0/72 HPs)
             Began as a Pale Draconian Monk on Nov 24, 2021.
             Was a Priest of Dithmenos.
             Slain by Harold (19 damage)
             ... on level 8 of the Dungeon.
             The game lasted 00:12:11 (9578 turns).

pkoi the Martial Artist (Pale Draconian Monk)       Turns: 9578, Time: 00:12:11

Health: 0/72       AC:  8    Str: 26    XL:     9   Next: 54%
Magic:  14/14      EV: 13    Int: 15    God:    Dithmenos [***...]
Gold:   430        SH:  0    Dex: 14    Spells: 10/15 levels left

rFire    . . .     SeeInvis .     - Unarmed
rCold    . . .     Faith    .   (no shield)
rNeg     . . .     Spirit   .   (armour unavailable)
rPois    .         Reflect  .   (helmet restricted)
rElec    .         Harm     .   (no cloak)
rCorr    .         Rampage  .   (no gloves)
Will     .....                  n - +0 pair of boots of the Little Devil {Int+2 Slay+2}
Stlth    +++.......             (no amulet)
HPRegen  0.22/turn              k - +6 ring of strength
MPRegen  0.14/turn              b - +6 ring of strength

@: marked, wreathed by umbra, studying Axes
A: breathe steam, AC +7, unfitting armour, cold-blooded, steam resistance
a: Breathe Steam, Renounce Religion, Shadow Step


You were on level 8 of the Dungeon.
You worshipped Dithmenos.
Dithmenos was most pleased with you.
You visited 2 branches of the dungeon, and saw 9 of its levels.

You collected 484 gold pieces.
You spent 54 gold pieces at shops.

Inventory:

Hand Weapons
 o - a +3 whip
 r - a +3 dagger of venom
Missiles
 q - 31 poisoned darts (quivered)
 w - 3 javelins
Armour
 n - the +0 pair of boots of the Little Devil (worn) {Int+2 Slay+2}
   (You found it on level 4 of the Dungeon)

   Int:       It affects your intelligence (+2).
   Slay:      It affects your accuracy & damage with ranged weapons and melee
   (+2).
 v - a +0 pair of gloves
Magical Staves
 c - a staff of death
Jewellery
 b - a +6 ring of strength (right hand)
 g - a ring of see invisible
 h - a +6 ring of intelligence
 j - a +4 ring of evasion
 k - a +6 ring of strength (left hand)
 t - an amulet of faith
 y - a +6 ring of dexterity
Wands
 u - a wand of flame (20)
 A - a wand of mindburst (18)
Scrolls
 d - a scroll of amnesia
 f - 2 scrolls of teleportation
 s - a scroll of fear
 C - 2 scrolls of identify
Potions
 a - a potion of lignification
 e - a potion of resistance
 i - 2 potions of haste
 l - 2 potions of flight
 m - 3 potions of mutation
 p - a potion of brilliance
 z - a potion of attraction
 B - a potion of ambrosia
 D - a potion of heal wounds


   Skills:
 - Level 4.6 Fighting
 + Level 3.7 Dodging
 + Level 3.9 Stealth
 * Level 9.1 Unarmed Combat
 + Level 3.6 Spellcasting
 + Level 4.1 Transmutations
 + Level 4.2 Air Magic
 + Level 4.1 Earth Magic
 + Level 0.6 Invocations


You had 10 spell levels left.
You knew the following spells:

 Your Spells              Type           Power      Damage    Failure   Level
a - Passwall              Tmut/Erth      12%        N/A       5%          2
b - Swiftness             Air            15%        N/A       10%         3

Your spell library contained the following spells:

 Spells                   Type           Power      Damage    Failure   Level
 Beastly Appendage        Tmut           30%        N/A       3%          1
 Wereblood                Tmut           15%        N/A       5%          2
 Spider Form              Tmut/Pois      4%         N/A       24%         3
 Invisibility             Hex            1%         N/A       100%        6


Dungeon Overview and Level Annotations

Branches:
Dungeon (8/15)             Temple (1/1) D:4
   Lair: D:8-11

Altars:
Ashenzari
Cheibriados
Dithmenos
Elyvilon
Fedhas
Gozag
Hepliaklqana
Kikubaaqudgha
Makhleb
Nemelex Xobeh
Okawaru
Qazlal
Ru
Sif Muna
Trog
Uskayaw
Vehumet
Wu Jian
Xom
Yredelemnul

Shops:
D:7 *

Annotations:
D:8 Harold


Innate Abilities, Weirdness & Mutations

You can breathe blasts of scalding, opaque steam.
Your pale cyan-grey scales are hard. (AC +7)
You cannot fit into any form of body armour.
You are cold-blooded and may be slowed by cold attacks.
You are immune to the effects of steam.


Message History

You are too injured to fight recklessly!
You are too injured to fight recklessly!
You are too injured to fight recklessly!
You are too injured to fight recklessly!
You are too injured to fight recklessly!
You are too injured to fight recklessly!
You are too injured to fight recklessly!
You are too injured to fight recklessly!
Unknown command.
You hear some strange, mumbled words.
Something tries to affect you, but you resist.
The orc priest mumbles some strange prayers to Beogh against you.
Beogh smites you! The orc hits you with a +0 hand axe.
The orc priest calls down the wrath of Beogh upon you.
Beogh smites you!
* * * LOW HITPOINT WARNING * * *
You see here a +0 giant spiked club.
A magic dart appears from out of thin air!
The magic dart hits you.
* * * LOW HITPOINT WARNING * * *
An orc wizard appears from thin air!
Reactivating autopickup.
The orc wizard casts a spell.
The orc wizard flickers and vanishes!
Deactivating autopickup; reactivate with Ctrl-A.
Harold the Weathered comes into view.
He is wielding a +0 glaive.
You are confused.
Harold fires a harpoon shot at you. The harpoon shot hits you!
* * * LOW HITPOINT WARNING * * *
You are yanked forward by the harpoon shot.
You are too confused!
Harold casts a spell at you. The mark upon you grows brighter.
You bump into the rock wall.
Harold throws a throwing net.
The throwing net closely misses you.
You feel better.
Harold hits you from afar with a +0 glaive!!
You die...

##.....###
#o##### #{# #.#
#.# ##.# #..#
####..#
#######...@.##
#.......###.@##
#########
##..##
##..########
###............
#.............#
##.............
##............
##...........


You could see Harold and an orc.

Vanquished Creatures
  3 steam dragons
  2 orc warriors (D:6)
  A sky beast (D:7)
  3 black bears
  2 ogres
  2 centaurs
  4 bullfrogs
  A scorpion (D:6)
  2 water moccasin skeletons
  2 wights
  2 hounds
  6 orc priests
  A gnoll shaman (D:7)
  3 centaur skeletons
  Natasha (thrice) (D:3)
  2 iguanas (D:5)
  20 orc wizards
  2 killer bee zombies
  Robin (D:2)
  A howler monkey zombie (D:7)
  A howler monkey skeleton (D:6)
  2 gnolls (D:1)
  4 adders
  2 white imps
  An ufetubus (D:6)
  2 dart slugs (D:2)
  2 worms
  30 orcs
  6 endoplasms
  5 giant cockroaches
  11 goblins
  12 hobgoblins
  4 jackals (D:1)
  7 kobolds
  3 quokkas
  5 ball pythons
  9 bats
  5 frilled lizards
  8 rats
  A spectral orc (D:7)
183 creatures vanquished.

Vanquished Creatures (others)
  3 fungi (D:4)
  3 toadstools (D:4)
6 creatures vanquished.

Grand Total: 189 creatures vanquished

Notes
Turn   | Place    | Note
-------+----------+-------------------------------------------
     0 | D:1      | pkoi the Draconian Monk began the quest for the Orb.
     0 | D:1      | Reached XP level 1. HP: 19/19 MP: 1/1
   252 | D:1      | Reached XP level 2. HP: 25/26 MP: 2/2
   290 | D:1      | Reached skill level 4 in Unarmed Combat
   296 | D:1      | HP: 1/26 [quokka (2)]
   644 | D:1      | Reached XP level 3. HP: 18/31 MP: 3/3
  2197 | D:2      | Reached XP level 4. HP: 38/38 MP: 4/4
  2844 | D:3      | Noticed Natasha
  2854 | D:3      | Killed Natasha
  2855 | D:3      | Reached skill level 5 in Unarmed Combat
  3166 | D:3      | Noticed Robin
  3176 | D:2      | Reached XP level 5. HP: 32/46 MP: 5/5
  3382 | D:2      | Killed Robin
  3636 | D:3      | Noticed Natasha
  3639 | D:3      | Killed Natasha
  3700 | D:3      | Noticed Natasha
  3706 | D:3      | Killed Natasha
  4001 | D:4      | Identified the +0 pair of boots of the Little Devil {Int+2
                  | Slay+2}
  4212 | D:4      | Reached skill level 6 in Unarmed Combat
  4304 | D:4      | Reached XP level 6. HP: 40/53 MP: 6/6
  4740 | D:4      | HP: 1/53 [orc priest/divine providence (14)]
  5225 | D:4      | Found a staircase to the Ecumenical Temple.
  5241 | Temple   | Entered the Ecumenical Temple
  5399 | Temple   | Became a worshipper of Dithmenos the Shadowed
  5399 | Temple   | Reached * piety under Dithmenos
  5399 | Temple   | Reached ** piety under Dithmenos
  5403 | Temple   | Learned a level 2 spell: Passwall
  5514 | D:5      | Entered Level 5 of the Dungeon
  5572 | D:5      | HP: 2/53 [water moccasin skeleton (5)]
  5887 | D:5      | Reached skill level 1 in Spellcasting
  5887 | D:5      | Reached skill level 1 in Transmutations
  5887 | D:5      | Reached skill level 1 in Earth Magic
  5887 | D:5      | Your scales start taking on a pale cyan-grey colour.
  5887 | D:5      | Reached XP level 7. HP: 60/60 MP: 6/8
  5887 | D:5      | Gained mutation: You are immune to the effects of steam.
                  | [Pale Draconian growth]
  5891 | D:5      | Learned a level 3 spell: Swiftness
  6278 | D:5      | Reached skill level 7 in Unarmed Combat
  6282 | D:5      | Reached skill level 1 in Air Magic
  7120 | D:6      | Reached XP level 8. HP: 67/67 MP: 11/11
  7699 | D:6      | Reached skill level 8 in Unarmed Combat
  8079 | D:7      | Found a white marble altar of Elyvilon.
  8099 | D:7      | Found a snail-covered altar of Cheibriados.
  8115 | D:6      | Reached *** piety under Dithmenos
  8370 | D:7      | Reached XP level 9. HP: 72/72 MP: 13/13
  8933 | D:7      | Reached skill level 9 in Unarmed Combat
  9027 | D:7      | Found a basalt altar of Yredelemnul.
  9062 | D:7      | Found Olyleh's Assorted Antiques.
  9071 | D:7      | Bought a scroll labelled TEM BEXYNOUGU for 27 gold pieces
  9071 | D:7      | Bought a scroll labelled BOLILI WELI for 27 gold pieces
  9304 | D:8      | Found a hide-covered altar of Uskayaw.
  9574 | D:8      | Noticed Harold
  9578 | D:8      | Slain by Harold

Illustrated notes

Levels and vault maps discovered:
D:1:      matt_arrival_refuge, layout_loops_corners, minmay_misc_feat_enclosed,
          minmay_pentomino_p2
D:2:      layout_basic, minmay_small_reverse_x
D:3:      layout_basic, saegor_snake_ambush, uniq_natasha, uniq_robin
D:4:      layout_basic, minmay_temple_entry_offerings, minmay_gold_behind_fungi
D:5:      layout_loops_cross
D:6:      layout_basic
D:7:      minmay_flawed_box, layout_rooms, elyvilon_altar_5,
          yredelemnul_forgotten_temple_becter, amcnicky_altar_gilded,
          serial_shops, shop, minmay_manual_monolith
D:8:      layout_cave_pods, nicolae_overflow_hidden_temple, uniq_harold
Temple:   nicolae_temple_elliptical

Skill      XL: |  1  2  3  4  5  6  7  8  9 |
---------------+----------------------------+-----
Unarmed Combat | 4 5 6 7 8 9 |  9.1
Dodging        | 3 |  3.7
Fighting       | 4 |  4.6
Spellcasting   | 1 2 3 |  3.6
Transmutations | 1 2 3 4 |  4.1
Earth Magic    | 1 2 3 4 |  4.1
Air Magic      | 2 3 4 |  4.2
Stealth        | 3 |  3.9
Invocations    | |  0.6

Action                   |  1- 3 |  4- 6 |  7- 9 || total
-------------------------+-------+-------+-------++-------
Melee: Unarmed           |   111 |   169 |   245 ||   525
       Tailslap          |    17 |    25 |    33 ||    75
       Staff             |    49 |       |       ||    49
       Punch             |       |     2 |    10 ||    12
       Whip              |       |    11 |       ||    11
 Abil: Breathe Steam     |       |       |     5 ||     5
  Use: Scroll            |       |    10 |    10 ||    20
       Potion            |       |     1 |     3 ||     4
 Stab: Sleeping          |     9 |     3 |     4 ||    16
       Distracted        |       |       |     1 ||     1
Armor: Skin              |    47 |    52 |    72 ||   171
Dodge: Dodged            |   109 |   112 |   178 ||   399
